Map: Frost LE

Players

IIIIllIllI - Winner!

  • Race: Protoss Protoss
  • League: Grandmaster

IlIlIlIlIlIl (Naniwa)

  • Race: Protoss Protoss
  • League: Grandmaster

VOD

Have the link to the VOD?

Description

Time

  • Played on: Sept. 19, 2016, 4:11 p.m.
  • Length: 12:37
Show
View Real Time Build Order
Export as new Build Order

IIIIllIllI Protoss - Winner!

Build Orders: Blink Stalkers, Zealot Archon 

Get SALT Encoding   

  12  0:01  Probe (Chrono Boost)  
  13  0:11  Probe (Chrono Boost)  
  14  0:18  Pylon  
  14  0:22  Probe (Chrono Boost)  
  15  0:36  Probe (Chrono Boost)  
  15  0:37  Gateway  
  16  0:45  Assimilator  
  16  0:46  Probe (Chrono Boost)  
  17  0:57  Probe (Chrono Boost)  
  17  0:58  Assimilator  
  18  1:06  Gateway  
  18  1:08  Probe (Chrono Boost)  
  20  1:18  Probe (Chrono Boost)  
  20  1:24  Cybernetics Core  
  20  1:29  Probe (Chrono Boost)  
  21  1:37  Pylon  
  21  1:39  Probe (Chrono Boost)  
  22  1:50  Probe (Chrono Boost)  
  23  1:54  Warp Gate  
  23  2:00  Stalker  
  23  2:01  Sentry, Probe (Chrono Boost)  
  28  2:12  Probe (Chrono Boost)  
  29  2:17  Pylon  
  29  2:23  Mothership Core (Chrono Boost)  
  31  2:43  Nexus  
  31  2:50  Stalker  
  33  2:55  Probe (Chrono Boost)  
  33  3:01  Stalker  
  36  3:07  Probe (Chrono Boost)  
  36  3:16  Twilight Council  
  36  3:19  Probe (Chrono Boost)  
  37  3:25  Pylon  
  37  3:31  Probe (Chrono Boost)  
  38  3:40  Robotics Facility  
  38  3:42  Blink  
  38  3:43  Probe (Chrono Boost)  
  40  3:57  Probe (Chrono Boost)  
  40  3:58  Probe (Chrono Boost)  
  41  4:08  Probe (Chrono Boost)  
  41  4:09  Probe (Chrono Boost)  
  43  4:10  Adept  
  43  4:16  Stalker  
  47  4:19  Probe (Chrono Boost)  
  47  4:22  Probe (Chrono Boost)  
  49  4:29  Probe (Chrono Boost)  
  50  4:32  Observer  
  50  4:34  Probe (Chrono Boost)  
  50  4:35  Forge  
  52  4:38  Assimilator  
  52  4:40  Assimilator, Probe (Chrono Boost)  
  54  4:46  Probe (Chrono Boost)  
  54  4:51  Probe (Chrono Boost)  
  55  4:55  Protoss Ground Weapons Level 1  
  55  4:57  Probe (Chrono Boost)  
  56  5:02  Probe (Chrono Boost)  
  56  5:06  Nexus  
  56  5:07  Probe (Chrono Boost)  
  56  5:13  Probe (Chrono Boost)  
  58  5:19  Probe (Chrono Boost)  
  59  5:24  Probe (Chrono Boost)  
  59  5:25  Pylon  
  60  5:31  Probe (Chrono Boost)  
  61  5:36  Pylon  
  61  5:39  Pylon, Probe (Chrono Boost)  
  61  5:42  Immortal  
  62  5:45  Probe (Chrono Boost)  
  66  5:51  Probe (Chrono Boost)  
  68  5:57  Probe (Chrono Boost)  
  68  6:00  Resonating Glaives  
  68  6:02  Probe (Chrono Boost)  
  69  6:09  Probe (Chrono Boost)  
  69  6:10  Gateway  
  70  6:12  Gateway  
  70  6:14  Probe (Chrono Boost)  
  70  6:16  Immortal  
  71  6:19  Pylon  
  71  6:22  Probe (Chrono Boost)  
  71  6:23  Probe (Chrono Boost)  
  78  6:26  Probe (Chrono Boost)  
  78  6:30  Gateway  
  79  6:33  Probe (Chrono Boost)  
  79  6:34  Probe (Chrono Boost)  
  79  6:38  Protoss Ground Weapons Level 2, Probe (Chrono Boost)  
  81  6:40  Gateway  
  81  6:41  Gateway  
  81  6:44  Probe (Chrono Boost)  
  81  6:46  Probe (Chrono Boost)  
  83  6:49  Assimilator  
  83  6:50  Assimilator  
  83  6:52  Templar Archives  
  84  6:54  Probe (Chrono Boost)  
  84  6:55  Probe (Chrono Boost)  
  84  6:58  Immortal  
  89  7:11  Adept x3  
  89  7:12  Adept  
  97  7:18  Pylon  
  97  7:20  Pylon  
  97  7:25  Pylon  
  97  7:26  Pylon  
  97  7:30  Pylon  
  97  7:31  Adept  
  97  7:33  High Templar x3  
  97  7:34  Immortal  
  97  7:35  High Templar  
  107  7:40  Archon  
  107  7:42  Archon  
  111  7:47  High Templar x2  
  115  7:52  Archon  
  115  8:06  High Templar x2  
  115  8:07  Adept x3  
  115  8:08  Immortal  
  115  8:12  Archon  
  125  8:18  Photon Cannon  
  125  8:19  Pylon  
  129  8:20  Pylon  
  129  8:21  Pylon x2, Adept  
  129  8:22  Adept  
  133  8:30  High Templar x2  
  133  8:31  Adept  
  139  8:35  Archon  
  139  8:39  Adept x2  
  143  8:45  Photon Cannon  
  143  8:47  Pylon  
  143  8:48  Photon Cannon, Adept x2  
  147  8:54  Adept  
  149  8:59  Photon Cannon  
  149  9:06  Adept x4  
  130  9:13  Adept x2  
  130  9:16  Probe (Chrono Boost)  
  130  9:17  Adept  
  103  9:28  High Templar x4  
  107  9:32  Archon x2  
  107  9:33  Protoss Ground Weapons Level 3  
  107  9:43  Nexus, Adept x3  
  113  9:45  Photon Cannon  
  113  9:54  Observer  
  114  10:02  Adept x3, Sentry  
  122  10:09  Adept x3  
  122  10:13  Photon Cannon  
  128  10:15  Immortal  
  132  10:30  High Templar x2  
  132  10:35  Assimilator  
  136  10:38  Assimilator, Archon  
  136  10:41  Pylon  
  135  10:43  Pylon, Adept  
  135  10:44  Adept x4  
  135  10:49  Warp Prism  
  145  11:06  High Templar x2  
  145  11:07  Photon Cannon  
  145  11:08  Photon Cannon  
  145  11:10  Probe x3 (Chrono Boost)  
  145  11:11  Photon Cannon, Probe (Chrono Boost)  
  153  11:17  Archon  
  153  11:20  Gateway  
  153  11:23  Gateway  
  153  11:30  High Templar x2  
  153  11:31  High Templar x2  
  161  11:33  Photon Cannon  
  161  11:39  Archon  
  161  11:40  Archon  
  161  11:41  Adept  
  161  11:42  Adept x2  
  167  11:48  Photon Cannon  
  167  11:50  Pylon  
  167  11:53  Probe (Chrono Boost)  
  170  11:54  Probe x3 (Chrono Boost)  
  170  12:06  High Templar x3  
  170  12:07  High Templar  
  170  12:08  Adept x2  
  178  12:09  Adept  
  178  12:13  Archon  
  178  12:14  Archon  
  182  12:28  Adept x3  
  173  12:34  Adept  
Show
View Real Time Build Order
Export as new Build Order

IlIlIlIlIlIl Protoss 

Build Orders: Phoenix Opening, Zealot Archon 

Get SALT Encoding   

  12  0:05  Probe (Chrono Boost)  
  13  0:16  Probe (Chrono Boost)  
  13  0:18  Pylon  
  14  0:26  Probe (Chrono Boost)  
  15  0:37  Probe (Chrono Boost)  
  15  0:39  Gateway  
  16  0:43  Assimilator  
  16  0:47  Probe (Chrono Boost)  
  17  0:58  Probe (Chrono Boost)  
  17  0:59  Assimilator  
  18  1:08  Probe (Chrono Boost)  
  19  1:12  Gateway  
  19  1:19  Probe (Chrono Boost)  
  20  1:26  Cybernetics Core  
  20  1:29  Probe (Chrono Boost)  
  20  1:32  Pylon  
  21  1:40  Probe (Chrono Boost)  
  22  1:50  Warp Gate, Probe (Chrono Boost)  
  23  2:04  Adept  
  23  2:05  Adept, Mothership Core (Chrono Boost)  
  29  2:34  Nexus  
  29  2:43  Stargate  
  29  2:48  Probe (Chrono Boost)  
  30  2:54  Pylon  
  30  3:00  Probe (Chrono Boost)  
  32  3:13  Probe (Chrono Boost)  
  32  3:22  Robotics Facility  
  32  3:25  Phoenix, Probe (Chrono Boost)  
  35  3:38  Probe (Chrono Boost)  
  36  3:46  Phoenix  
  37  3:50  Probe (Chrono Boost)  
  37  3:51  Probe (Chrono Boost)  
  40  4:02  Probe x2 (Chrono Boost)  
  42  4:04  Forge  
  42  4:08  Phoenix, Observer  
  42  4:14  Probe (Chrono Boost)  
  42  4:15  Probe (Chrono Boost)  
  47  4:17  Pylon  
  47  4:22  Protoss Ground Weapons Level 1  
  47  4:26  Probe (Chrono Boost)  
  47  4:27  Probe (Chrono Boost)  
  49  4:34  Immortal  
  51  4:38  Probe (Chrono Boost)  
  51  4:39  Probe (Chrono Boost)  
  51  4:45  Pylon  
  55  4:50  Probe (Chrono Boost)  
  55  4:51  Probe (Chrono Boost)  
  55  4:52  Assimilator  
  57  4:55  Assimilator  
  57  5:02  Probe (Chrono Boost)  
  57  5:03  Probe (Chrono Boost)  
  59  5:12  Pylon  
  60  5:14  Immortal  
  60  5:15  Probe (Chrono Boost)  
  64  5:22  Twilight Council  
  64  5:26  Probe (Chrono Boost)  
  64  5:27  Probe (Chrono Boost)  
  66  5:36  Nexus  
  66  5:38  Pylon  
  68  5:43  Probe x2 (Chrono Boost)  
  66  5:50  Immortal  
  70  5:59  Resonating Glaives  
  70  6:00  Sentry  
  72  6:05  Gateway x2  
  72  6:13  Gateway  
  72  6:14  Gateway  
  72  6:17  Protoss Ground Weapons Level 2  
  72  6:26  Warp Prism  
  72  6:27  Gateway  
  72  6:29  Gateway  
  74  6:42  Templar Archives  
  74  6:45  Probe x2 (Chrono Boost)  
  76  6:55  Adept x2  
  76  6:59  Observer  
  80  7:02  Probe (Chrono Boost)  
  80  7:03  Pylon  
  80  7:04  Probe x2 (Chrono Boost)  
  84  7:24  High Templar x2  
  84  7:25  High Templar x2, Adept x2  
  84  7:28  Adept, Probe (Chrono Boost)  
  84  7:29  Probe (Chrono Boost), Archon  
  101  7:30  Archon, Adept, Probe (Chrono Boost)  
  101  7:33  Pylon  
  101  7:35  Pylon  
  103  7:37  Pylon  
  103  7:38  Pylon  
  103  7:57  Adept x2  
  103  7:58  Adept x5  
  117  8:00  Adept  
  117  8:03  Pylon  
  117  8:05  Pylon  
  119  8:18  Protoss Ground Armor Level 1  
  119  8:20  Adept x6  
  119  8:22  Adept  
  119  8:26  Adept  
  135  8:42  Assimilator x2  
  135  8:53  Adept x7  
  135  8:54  Adept  
  115  9:14  Adept x8  
  87  9:25  Immortal  
  87  9:28  Probe (Chrono Boost)  
  87  9:29  Probe x2 (Chrono Boost)  
  80  9:39  Sentry, Probe (Chrono Boost)  
  80  9:41  High Templar x2, Probe (Chrono Boost)  
  80  9:42  Probe (Chrono Boost)  
  89  9:48  Gateway  
  89  9:50  Gateway  
  89  9:52  Protoss Ground Weapons Level 3  
  89  9:53  Adept, Archon  
  89  9:54  Adept x4  
  99  10:03  Immortal  
  99  10:07  Pylon  
  103  10:26  Adept  
  103  10:27  Adept  
  107  10:28  High Templar x2  
  107  10:32  Adept x4  
  107  10:33  Archon  
  119  10:37  Immortal  
  123  10:59  Gateway  
  123  11:00  Gateway x2  
  123  11:04  Pylon, Nexus  
  123  11:11  Adept x2  
  125  11:13  High Templar x2  
  131  11:19  Archon  
  131  11:20  High Templar x2  
  131  11:21  Adept  
  137  11:28  Adept x3  
  137  11:29  Archon  
  137  11:31  Adept x2  
  137  11:32  Phoenix  
  147  11:36  Pylon  
  147  11:38  Pylon  
  149  11:45  Pylon  
  149  11:47  Pylon  
  149  11:56  Photon Cannon  
  149  12:08  Adept x6  
  149  12:09  High Templar x2, Adept x4  
  149  12:12  Adept  
  149  12:13  Archon  
  170  12:29  Adept x6  
Tags
 
Add a new tag
Caveats
  • Supply blocks, unpowered buildings, or Contaminate may cause inaccurate times.
  • Supply counts are checked every 10 seconds.